 Dungeon Crawl Stone Soup version 0.26-a0-154-g3d63440f56 (webtiles) character file.

Game seed: 12280060559279396146

118 poopendork the Sneak (level 5, -1/33 HPs)
             Began as an Octopode Fire Elementalist on July 1, 2020.
             Slain by a gnoll
             ... wielding a +0 flail
              (7 damage)
             ... on level 2 of the Dungeon.
             The game lasted 00:10:50 (3077 turns).

poopendork the Sneak (Octopode Fire Elementalist)   Turns: 3077, Time: 00:10:50

Health: -1/33      AC:  1    Str:  7    XL:     5   Next: 2%
Magic:  8/9        EV: 13    Int: 18    God:
Gold:   78         SH:  3    Dex: 13    Spells: 8/9 levels left

rFire    . . .     SeeInvis .   o - +2 dagger (venom)
rCold    . . .     Faith    .   e - +0 buckler
rNeg     . . .     Spirit   .   (helmet restricted)
rPois    .         Reflect  .   (no amulet)
rElec    .         Harm     .   (no ring)
rCorr    .                      (no ring)
MR       .....                  (no ring)
Stlth    +++.......             (no ring)
HPRegen  0.11/turn              (no ring)
MPRegen  0.11/turn              (no ring)
                                (no ring)
                                (no ring)

@: lethally poisoned (-1 -> -8)
A: almost no armour, stealthy swim, amphibious, 8 rings, constrict 8, camouflage
1, gelatinous body 1
a: no special abilities


You were on level 2 of the Dungeon.
You were not hungry.

You visited 1 branch of the dungeon, and saw 3 of its levels.

You collected 78 gold pieces.

Inventory:

Hand Weapons
 a - a +0 short sword
 d - a +0 dagger
 k - a +0 hunting sling
 o - a +2 dagger of venom (weapon)
Armour
 e - a +0 buckler (worn)
Scrolls
 c - a scroll of noise {unknown}
 f - 4 scrolls of immolation {unknown}
 g - 2 scrolls of blinking {unknown}
 h - 4 scrolls of remove curse {unknown}
 i - a scroll of magic mapping {unknown}
 j - 2 scrolls of identify {unknown}
 m - a scroll of teleportation {unknown}
 s - a scroll of enchant weapon {unknown}
 t - a scroll of random uselessness {unknown}
Potions
 l - a potion of cancellation
 n - a potion of invisibility {unknown}
 p - a potion of flight {unknown}
 q - a potion of degeneration {unknown}
Comestibles
 b - 3 rations
 r - 5 chunks of flesh


   Skills:
 + Level 1.1 Fighting
 + Level 2.4 Dodging
 + Level 3.5 Stealth
 + Level 0.9 Shields
 * Level 2.8 Spellcasting
 * Level 2.2 Conjurations
 + Level 3.3 Fire Magic


You had 8 spell levels left.
You knew the following spells:

 Your Spells              Type           Power        Failure   Level  Hunger
a - Foxfire               Conj/Fire      ##..         8%          1    None

Your spell library contained the following spells:

 Spells                   Type           Power        Failure   Level  Hunger
 Conjure Flame            Conj/Fire      ##......     22%         3    ###....
 Inner Flame              Hex/Fire       #.......     36%         3    ###....
 Sticky Flame             Conj/Fire      ##......     58%         4    ####...
 Fireball                 Conj/Fire      ##........   91%         5    ######.


Dungeon Overview and Level Annotations

Branches:
Dungeon (3/15)

Altars:
Qazlal


Innate Abilities, Weirdness & Mutations

You cannot wear most types of armour.
You are very stealthy in the water. (Stealth+)
You are amphibious.
You can wear up to eight rings at the same time.
You can use your tentacles to constrict eight enemies at once.
Your skin changes colour to match your surroundings (Stealth+).
Your rubbery body absorbs attacks. (AC +1, EV +1)


Message History

You feel sick.
You feel sick.
You feel sick. You block the gnoll's attack.
You feel sick.
You feel sick.
* * * LOW HITPOINT WARNING * * *
You feel sick.
There is a stone staircase leading up here.
You block the gnoll's attack.
You climb upwards.
* * * LOW HITPOINT WARNING * * *
You feel sick.
There is a stone staircase leading down here.
It was a potion of cancellation.
You feel magically purged.
Casting: Foxfire (safe; 8% risk of failure)
Confirm with . or Enter, or press ? or * to list all spells.
You conjure some foxfire!
* * * LOW HITPOINT WARNING * * *
You feel sick. The gnoll hits you with a +0 flail!
You die...

#.##.#.###.###.......#.
#.##.#.# #.###...##..#.
#.##...###.......##.##.
#.#..............##....
#.###............####..
#................# #..
## ####.............#
#.# .#
#####.g.....######## #.#
.#
#.....v@...........###.#
.#
#.###...v..............#
.#
#.###.###..........#####
## #..)...............#
#######.#..##.######
#..รท.........#
#.#........#.#
##.#.#........#
#....#..#.....#


You could see a gnoll.

Vanquished Creatures
  5 adders (D:2)
  An ooze (D:2)
  3 worms (D:2)
  A dart slug (D:1)
  3 leopard geckos
  6 bats
  4 giant cockroaches
  7 hobgoblins
  3 jackals (D:3)
  5 kobolds
  A quokka (D:2)
  2 ball pythons
  6 frilled lizards
  5 goblins
  8 rats
60 creatures vanquished.

Vanquished Creatures (others)
  73 foxfires
73 creatures vanquished.

Grand Total: 133 creatures vanquished

Notes
Turn   | Place    | Note
-------+----------+-------------------------------------------
     0 | D:1      | poopendork the Octopode Fire Elementalist began the quest
                  | for the Orb.
     0 | D:1      | Reached XP level 1. HP: 11/11 MP: 3/3
   590 | D:1      | Reached XP level 2. HP: 17/17 MP: 3/5
  1267 | D:1      | Reached XP level 3. HP: 18/22 MP: 6/6
  2075 | D:2      | Reached XP level 4. HP: 27/27 MP: 3/7
  2447 | D:2      | Found a stormy altar of Qazlal.
  2459 | D:2      | Reached skill level 1 in Fighting
  2990 | D:3      | Reached XP level 5. HP: 33/33 MP: 7/9
  3077 | D:2      | Slain by a gnoll

Illustrated notes

Levels and vault maps discovered:
D:1:      minmay_arrival_widening_spiral_wide, layout_basic
D:2:      layout_basic, nicolae_qazlal_eye_of_the_storm
D:3:      layout_basic, first_ration, gup_sewer_entry_glass

Skill      XL: |  1  2  3  4 |
---------------+-------------+-----
Stealth        | 3 |  3.5
Conjurations   | 2 |  2.2
Fighting       | 1 |  1.1
Dodging        | |  2.4
Shields        | |  0.9
Spellcasting   | |  2.8
Fire Magic     | |  3.3

Action                   |  1- 3 |  4- 6 || total
-------------------------+-------+-------++-------
Melee: Short sword       |    15 |       ||    15
       Constrict         |    14 |    10 ||    24
       Tentacles         |     8 |     3 ||    11
       Dagger            |    29 |    35 ||    64
 Cast: Foxfire           |    22 |    25 ||    47
  Use: Potion            |       |     1 ||     1
 Stab: Sleeping          |    12 |     3 ||    15
  Eat: Chunk             |     4 |     3 ||     7
Armor: Skin              |     1 |     1 ||     2
Dodge: Dodged            |    25 |    23 ||    48
Block: Buckler           |     5 |    14 ||    19

Table legend:
 A = Non-vault XP
 B = Vault XP
 C = Vault XP percentage of total XP
 D = Non-vault monster count
 E = Vault monster count
 F = Vault count percentage of total count
                 A         B        C        D         E       F
            +---------+---------+-------+---------+---------+-------
      Total |     169 |       0 |   0.0 |      60 |       0 |   0.0
            +---------+---------+-------+---------+---------+-------
        D:1 |      35 |       0 |   0.0 |      21 |       0 |   0.0
        D:2 |     120 |       0 |   0.0 |      30 |       0 |   0.0
        D:3 |      14 |       0 |   0.0 |       9 |       0 |   0.0
            +---------+---------+-------+---------+---------+-------
